 Dungeon Crawl Stone Soup version 0.29-a0-495-g17b79114eb (webtiles) character file.

Game seed: 3899238415733306435

14534 Sobieck the Grappler (level 12, -4/101 HPs)
             Began as a Ghoul Monk on May 26, 2022.
             Was a High Priest of Cheibriados.
             Killed from afar by Jorgrun (32 damage)
             ... with an iron shot
             ... on level 1 of the Orcish Mines on May 27, 2022.
             The game lasted 00:35:29 (14151 turns).

Sobieck the Grappler (Ghoul Monk)                  Turns: 14151, Time: 00:35:30

Health: -4/101     AC: 15    Str: 31    XL:     12   Next: 17%
Magic:  12/26      EV: 10    Int: 16    God:    Cheibriados [*****.]
Gold:   1063       SH:  0    Dex: 22    Spells: 11/11 levels left

rFire   + + .      SeeInvis .     - Unarmed
rCold   + . .      Faith    .   (no shield)
rNeg    + + +      Spirit   .   D - +2 chain mail {rF+}
rPois   ∞          Reflect  .   x - +1 helmet
rElec   .          Harm     .   M - +0 cloak
rCorr   .          Rampage  .   (no gloves)
Will    .....                   (no boots)
Stlth   ..........              (no amulet)
HPRegen 0.00/turn               n - ring of magical power
MPRegen 0.20/turn               Y - ring of protection from fire

@: grasped by roots, inhibited regen, constricted, very slow
A: claws 1, cold resistance 1, negative energy resistance 3, inhibited
regeneration, torment resistance 2, devour on kill
a: Renounce Religion, Bend Time, Temporal Distortion, Slouch, Step From Time


You were on level 1 of the Orcish Mines.
You worshipped Cheibriados.
Cheibriados was extremely pleased with you.
You visited 3 branches of the dungeon, and saw 13 of its levels.

You collected 1063 gold pieces.


Innate Abilities, Weirdness & Mutations

You are immune to poison.
You have sharp fingernails.
Your flesh is cold resistant. (rC+)
You are immune to negative energy. (rN+++)
You do not regenerate when monsters are visible.
You are immune to unholy pain and torment.
You thrive by killing the living.


   Skills:
 + Level 7.6 Fighting
 + Level 5.6 Slings
 + Level 5.6 Armour
 + Level 6.5 Dodging
 - Level 2.1 Stealth
 - Level 14.0 Unarmed Combat
 + Level 8.5 Invocations


You had 11 spell levels left.
You didn't know any spells.
Your spell library contained the following spells:

 Spells                   Type           Power      Damage    Failure   Level
 Shock                    Conj/Air       0%         1d3       73%         1
 Blink                    Tloc           0%         N/A       86%         2
 Ozocubu's Armour         Ice            0%         N/A       97%         3
 Swiftness                Air            0%         N/A       97%         3
 Airstrike                Air            0%         N/A       100%        4
 Manifold Assault         Tloc           0%         N/A       100%        5
 Metabolic Englaciation   Hex/Ice        0%         N/A       100%        5
 Summon Forest            Summ/Tloc      0%         N/A       100%        5
 Summon Mana Viper        Hex/Summ       0%         N/A       100%        5
 Conjure Ball Lightning   Conj/Air       0%         3x3d6     100%        6
 Simulacrum               Ice/Necr       0%         N/A       100%        6
 Summon Cactus Giant      Summ           0%         N/A       100%        6
 Discord                  Hex            0%         N/A       100%        8
 Disjunction              Tloc           0%         N/A       100%        8
 Storm Form               Tmut/Air       Unusable   N/A       N/A         7

Inventory:

Hand Weapons
 b - a +0 hunting sling of electrocution {sling}
   (You took it off an orc on level 4 of the Dungeon)
 F - a +2 dagger of draining {short}
   (You found it on level 4 of the Dungeon)
 H - a +0 antimagic dagger {short}
   (You took it off an orc on level 4 of the Dungeon)
 K - a +1 dagger of venom {short}
   (You took it off Maurice on level 9 of the Dungeon)
 L - a +2 spear of venom {polearm}
   (You took it off a gnoll on level 9 of the Dungeon)
 S - a +1 dagger of venom {short}
   (You took it off a kobold on level 9 of the Dungeon)
 T - a +0 shortbow {bow}
   (You took it off a centaur on level 9 of the Dungeon)
Missiles
 d - 295 stones (quivered) {throwing}
 g - 14 poisoned darts {throwing}
 l - 4 atropa-tipped darts {throwing}
 q - 2 boomerangs of dispersal {=f!fthrowing}
 B - 4 boomerangs {throwing}
 N - 3 throwing nets {=f!fthrowing}
 O - 7 curare-tipped darts {=fthrowing}
Armour
 a - +0 steam dragon scales
   (You found it on level 8 of the Dungeon)
 i - a +0 scale mail
   (You took it off an orc on level 8 of the Dungeon)
 j - a +0 plate armour
   (You took it off an orc warrior on level 8 of the Dungeon)
 k - a +0 ring mail
   (You took it off an orc on level 8 of the Dungeon)
 r - a +0 scale mail of poison resistance
   (You took it off an orc priest on level 9 of the Dungeon)
 t - a +3 ring mail of poison resistance
   (You took it off Ijyb on level 3 of the Dungeon)
 v - a +0 ring mail
   (You took it off an orc on level 11 of the Dungeon)
 w - a +0 ring mail
   (You took it off an orc on level 11 of the Dungeon)
 x - a +1 helmet (worn)
   (You found it on level 4 of the Dungeon)
 y - a +0 ring mail
   (You took it off a gnoll sergeant on level 9 of the Dungeon)
 D - a +2 chain mail of fire resistance (worn)
   (You found it on level 9 of the Dungeon)
 I - a +0 scale mail
   (You took it off an orc on level 11 of the Dungeon)
 M - a +0 cloak (worn)
   (You found it on level 5 of the Dungeon)
 P - a +0 ring mail
   (You took it off a deep elf pyromancer on level 11 of the Dungeon)
 R - a +0 ring mail
   (You took it off a deep elf pyromancer on level 11 of the Dungeon)
 V - a +0 chain mail
   (You took it off a deep elf pyromancer on level 11 of the Dungeon)
 Z - a +0 ring mail
   (You took it off an orc on level 11 of the Dungeon)
Jewellery
 n - a ring of magical power (left claw)
   (You found it on level 2 of the Dungeon)
 Y - a ring of protection from fire (right claw)
   (You took it off a deep elf zephyrmancer on level 11 of the Dungeon)
Wands
 f - a wand of flame (22)
   (You found it on level 10 of the Dungeon)
 o - a wand of paralysis (6)
   (You found it on level 8 of the Dungeon)
 u - a wand of polymorph (11)
   (You took it off Ijyb on level 3 of the Dungeon)
 z - a wand of acid (8)
   (You took it off Maurice on level 9 of the Dungeon)
Scrolls
 e - 5 scrolls of silence {!r}
 h - 4 scrolls of teleportation {@r4}
 m - a scroll of fog
 G - a scroll of vulnerability {!r!r}
 Q - a scroll of fear
 W - a scroll of magic mapping {!r}
 X - a scroll of blinking {!r}
Potions
 c - a potion of ambrosia
 p - a potion of lignification
 s - 5 potions of curing {@q1}
 A - 4 potions of brilliance
 C - 2 potions of mutation
 E - 4 potions of flight
 J - a potion of magic {unknown}
 U - 2 potions of might

Dungeon Overview and Level Annotations

Branches:
Dungeon (11/15)            Temple (1/1) D:6            Lair (0/6) D:9
    Orc (1/2) D:11

Altars:
Ashenzari
Cheibriados
Dithmenos
Elyvilon
Fedhas
Gozag
Hepliaklqana
Kikubaaqudgha
Makhleb
Nemelex Xobeh
Okawaru
Qazlal
Ru
Sif Muna
Trog
Uskayaw
Vehumet
Wu Jian
Xom
Yredelemnul
Zin
The Shining One

Shops:
D:3 [   D:5 =   D:11 :

Annotations:
D:6 3 runed translucent doors, dabmancer's ghost, novice SpWz
D:11 3 runed translucent doors, dracfodder's ghost, journeyman GrEE; jlumianski's ghost, journeyman DsFi
Orc:1 Jorgrun

###### ####### ##
#####.#..## ##.#.#.##
##..#.........###.......#
#............#.#.......#.
#...............#.......#
##......@......##........
#......g........#........
##.....$.................
#.................###...
#.............##.###.....
##..........#######....#.
#......##.### #.#....#
#...... ### #........
##....#.#


You could see Jorgrun.


Message History

b - a +0 hunting sling of electrocution (weapon)
{sling} Your movement speed is very slow.
Your attack delay is about 1.4 (and is slowed by your armour).
Your base attributes are Str 20, Int 5, Dex 11.
Unknown command.
Unknown command.
You climb downwards.
Welcome back to the Orcish Mines!
The orc warrior barely misses you.
There is a staircase back to the Dungeon here.
Danger!
Your +0 hunting sling of electrocution {sling} stops crackling.
You are now empty-clawed.
The orc warrior closely misses you.
You scratch the orc warrior but do no damage.
You claw the orc warrior!
The orc warrior hits you but does no damage.
You mangle the orc warrior!!
You kill the orc warrior!
Cheibriados thoroughly appreciates the change of pace.
No target in view!
You hear the crackle of electricity.
b - a +0 hunting sling of electrocution (weapon)
{sling} You now have 905 gold pieces (gained 25).
There is a staircase back to the Dungeon here.
Your pack is full.
Items here: )) [[ †.
Unknown command.
Unknown command.
You now have 921 gold pieces (gained 16).
You now have 937 gold pieces (gained 16).
You now have 960 gold pieces (gained 23).
Your pack is full.
Items here: )) [[ †.
Unknown command.
Your pack is full.
Items here: )) [[ †.
Could not pick up a +0 chain mail here; ([A]lways) ignore it?
Okay, then.
Your pack is full.
Items here: )) [[ †.
Could not pick up a +0 chain mail here; ([A]lways) ignore it?
Autopickup disabled for chain mails.
Your pack is full.
There is a stone staircase leading down, spattered with blood here.
Items here: ))) [ †††.
Unknown command.
Your pack is full.
There is a stone staircase leading down, spattered with blood here.
Items here: ))) [ †††.
Could not pick up a +0 plate armour here; ([A]lways) ignore it?
Autopickup disabled for plate armours.
You now have 978 gold pieces (gained 18).
You now have 999 gold pieces (gained 21).
You now have 1014 gold pieces (gained 15).
You now have 1021 gold pieces (gained 7).
Found a stone staircase leading down.
Unknown command.
You now have 1034 gold pieces (gained 13).
You now have enough gold to buy the +3 Mad Mage's Maulers {Infuse+∞ RegenMP Int-3} on D:3.
You can access your shopping list by pressing '$'.
You now have 1045 gold pieces (gained 11).
Unknown command.
You now have 1063 gold pieces (gained 18).
Jorgrun Earthshaker comes into view.
He is wielding a +0 vorpal quarterstaff.
Jorgrun shouts!
Danger!
Jorgrun gestures at you while chanting.
Roots burst forth from the earth!
The grasping roots grab you! The grasping roots constrict you! x2
There is a stone staircase leading down here.
Unknown command.
Activating: Slouch (3% risk of failure)
Press: ? - help, Dir - look around, f - activate You can feel time thicken for a moment.
Cheibriados lowers the support of your attributes as your movement quickens.
The grasping roots constrict you.
Activating: Slouch (4% risk of failure)
Press: ? - help, Dir - look around, f - activate You can feel time thicken for a moment.
The grasping roots constrict you.
Activating: Slouch (4% risk of failure)
Press: ? - help, Dir - look around, f - activate You can feel time thicken for a moment.
Cheibriados lowers the support of your attributes as your movement quickens.
The grasping roots constrict you!
Your +0 hunting sling of electrocution {sling} stops crackling.
You are now empty-clawed.
You claw Jorgrun!
Jorgrun hits you with a +0 vorpal quarterstaff!
The grasping roots constrict you!
* * * LOW HITPOINT WARNING * * *
You mangle Jorgrun!! You mangle Jorgrun!!
Jorgrun hits you with a +0 vorpal quarterstaff!
* * * LOW HITPOINT WARNING * * *
x2 The grasping roots constrict you!
* * * LOW HITPOINT WARNING * * *
You scratch Jorgrun but do no damage. Your claw misses Jorgrun.
Jorgrun casts a spell at you. The iron shot hits you!!
You die...

Skill      XL: |  1  2  3  4  5  6  7  8  9 10 11 |
---------------+----------------------------------+-----
Dodging        | 3 4 5 6 |  6.5
Unarmed Combat | 4 5 6 7 9 10 12 14 | 14.0
Fighting       | 4 5 6 7 |  7.6
Armour         | 3 5 |  5.6
Invocations    | 4 6 8 |  8.5
Slings         | 1 5 |  5.6
Stealth        | |  2.1

Action                   |  1- 3 |  4- 6 |  7- 9 | 10-12 || total
-------------------------+-------+-------+-------+-------++-------
Melee: Unarmed           |   145 |   182 |   246 |   352 ||   925
       Punch             |     7 |     7 |    11 |    29 ||    54
 Fire: Hunting sling     |       |     9 |    81 |   136 ||   226
       Shortbow          |       |       |       |     3 ||     3
Throw: Stone             |    33 |    26 |     4 |    26 ||    89
Invok: Slouch            |       |       |       |     4 ||     4
       Temporal Distorti |       |       |       |     1 ||     1
  Use: Scroll            |       |     9 |     3 |     9 ||    21
       Potion            |       |       |       |     3 ||     3
 Stab: Sleeping          |     5 |     1 |       |       ||     6
Armor: Robe              |    27 |       |       |       ||    27
       Leather armour    |     3 |     4 |       |       ||     7
       Ring mail         |       |    41 |    80 |    23 ||   144
       Chain mail        |       |       |       |   114 ||   114
       Plate armour      |       |       |       |    27 ||    27
Dodge: Dodged            |    92 |    77 |   141 |   216 ||   526

Levels and vault maps discovered:
D:1:      lemuel_arrival_funnel, layout_basic, st_stairs_1
D:2:      layout_basic
D:3:      layout_loops_corners, serial_shops, nicolae_shop_trees, uniq_ijyb
D:4:      layout_loops_ring, grunt_ministairs_13
D:5:      layout_cave_pools, serial_shops, nicolae_stop_n_shop_2, uniq_grinder,
          uniq_blork_the_orc
D:6:      layout_loops_ring, temple_doors_e, gammafunk_ghost_split
D:7:      layout_rooms, grunt_temple_overflow_gold_and_silver
D:8:      layout_loops_corners, lemuel_zombie_altar_kikubaaqudgha,
          serial_park_tiny_2
D:9:      layout_cross, lemuel_crystal_altar, lair_entry_dummy,
          lemuel_flame_loot_1, uniq_maurice
D:10:     layout_roguey
D:11:     layout_basic, zombieorc2_lemuel, serial_shops, nicolae_lakefront_shop,
          gammafunk_ghost_cemetery, elves_outpost_lemuel
Temple:   hc_temple_tempest_star
Orc:1:    layout_caves, uniq_jorgrun, uniq_fannar, uniq_nergalle

Notes
Turn   | Place    | Note
-------+----------+-------------------------------------------
     0 | D:1      | Sobieck the Ghoul Monk began the quest for the Orb.
     0 | D:1      | Reached XP level 1. HP: 19/19 MP: 0/0
    84 | D:1      | Reached XP level 2. HP: 20/26 MP: 1/1
   611 | D:1      | You fall into a shaft and drop 1 floor!
   794 | D:1      | Reached skill level 3 in Dodging
   794 | D:1      | Reached skill level 4 in Unarmed Combat
   794 | D:1      | Reached XP level 3. HP: 31/31 MP: 2/2
  2650 | D:3      | Reached XP level 4. HP: 35/40 MP: 3/3
  3034 | D:3      | Noticed Ijyb
  3065 | D:3      | Killed Ijyb
  3066 | D:3      | Reached skill level 4 in Fighting
  3498 | D:3      | Found Qoneof's Antique Armour Emporium.
  3870 | D:4      | Reached XP level 5. HP: 46/46 MP: 4/4
  3944 | D:4      | Reached skill level 5 in Unarmed Combat
  4119 | D:4      | Reached XP level 6. HP: 27/53 MP: 5/5
  4646 | D:4      | Reached skill level 6 in Unarmed Combat
  5053 | D:5      | Entered Level 5 of the Dungeon
  5053 | D:5      | Found Lezxoe's Jewellery Emporium.
  5072 | D:5      | Reached skill level 4 in Dodging
  5132 | D:5      | Reached skill level 5 in Fighting
  5132 | D:5      | Reached XP level 7. HP: 55/61 MP: 6/6
  5457 | D:5      | Reached skill level 7 in Unarmed Combat
  5742 | D:5      | Reached XP level 8. HP: 55/70 MP: 7/7
  5868 | D:5      | Reached skill level 6 in Fighting
  5996 | D:5      | Noticed Blork the orc
  6008 | D:5      | Killed Blork the orc
  6009 | D:5      | Reached skill level 5 in Dodging
  6025 | D:5      | Noticed Grinder
  6041 | D:5      | Killed Grinder
  6042 | D:5      | Reached skill level 8 in Unarmed Combat
  6559 | D:6      | You add the spells Blink and Manifold Assault to your
                  | library.
  6594 | D:6      | Found a staircase to the Ecumenical Temple.
  6599 | Temple   | Entered the Ecumenical Temple
  6703 | Temple   | Became a worshipper of Cheibriados the Contemplative
  6703 | Temple   | Reached * piety under Cheibriados
  6703 | Temple   | Reached ** piety under Cheibriados
  6750 | D:6      | Reached skill level 9 in Unarmed Combat
  6824 | D:6      | Reached XP level 9. HP: 78/78 MP: 8/8
  6982 | D:6      | Reached skill level 7 in Fighting
  7084 | D:6      | Reached skill level 6 in Dodging
  7103 | D:6      | Identified the +5 dagger "Murmur" {chaos, Drain rF+ Will+
                  | Dex+6}
  7121 | D:6      | Reached skill level 10 in Unarmed Combat
  7204 | D:6      | Found a runed translucent gate.
  7204 | D:6      | Found a runed translucent gate.
  7205 | D:6      | Found a runed translucent gate.
  7208 | D:6      | Noticed a cyclops
  7208 | D:6      | Noticed dabmancer's ghost (novice SpWz)
  7443 | D:7      | Reached skill level 1 in Armour
  7443 | D:7      | Reached skill level 1 in Invocations
  7491 | D:7      | Reached skill level 2 in Invocations
  7499 | D:7      | Reached skill level 2 in Armour
  7557 | D:7      | Reached *** piety under Cheibriados
  7617 | D:7      | Reached skill level 3 in Invocations
  7697 | D:7      | Reached skill level 3 in Armour
  7969 | D:7      | Found an opulent altar of Gozag.
  8343 | D:8      | Reached skill level 4 in Invocations
  8343 | D:8      | Reached XP level 10. HP: 69/86 MP: 12/12
  8485 | D:8      | Reached skill level 11 in Unarmed Combat
  9177 | D:8      | Reached **** piety under Cheibriados
  9187 | D:8      | Found an ancient bone altar of Kikubaaqudgha.
  9610 | D:8      | Reached skill level 4 in Armour
  9624 | D:9      | Upgraded the game from 0.29-a0-490-g77b3608bb8 to
                  | 0.29-a0-495-g17b79114eb
  9738 | D:9      | Reached skill level 5 in Invocations
  9827 | D:9      | Noticed Maurice
  9838 | D:9      | HP: 21/86 [steam dragon] (4)]
  9839 | D:9      | Killed Maurice
  9840 | D:9      | Reached skill level 5 in Armour
  9851 | D:9      | HP: 21/86 [killer bee (2)]
  9853 | D:9      | Reached skill level 12 in Unarmed Combat
 10175 | D:9      | Found a staircase to the Lair.
 10585 | D:9      | Found a bloodstained altar of Trog.
 10673 | D:9      | You pick up a book of Air and begin reading...
 10673 | D:9      | You add the spells Shock, Swiftness and Airstrike to your
                  | library.
 10862 | D:10     | Entered Level 10 of the Dungeon
 11343 | D:10     | You pick up a book of Winter and begin reading...
 11343 | D:10     | You add the spells Ozocubu's Armour, Metabolic Englaciation
                  | and Simulacrum to your library.
 11405 | D:10     | Reached skill level 6 in Invocations
 11777 | D:10     | Reached skill level 1 in Slings
 11777 | D:10     | Reached XP level 11. HP: 85/92 MP: 15/15
 11786 | D:10     | Reached skill level 7 in Invocations
 11944 | D:10     | Reached skill level 2 in Slings
 12002 | D:10     | Reached skill level 13 in Unarmed Combat
 12231 | D:11     | Reached ***** piety under Cheibriados
 12291 | D:11     | Noticed a two-headed ogre
 12292 | D:11     | Noticed a deep elf zephyrmancer
 12298 | D:11     | Killed a two-headed ogre
 12299 | D:11     | Reached skill level 3 in Slings
 12300 | D:11     | Noticed a deep elf pyromancer
 12300 | D:11     | Noticed a deep elf pyromancer
 12303 | D:11     | Noticed a deep elf pyromancer
 12317 | D:11     | Killed a deep elf pyromancer
 12320 | D:11     | Killed a deep elf zephyrmancer
 12321 | D:11     | Reached skill level 8 in Invocations
 12328 | D:11     | HP: 10/92 [deep elf pyromancer/bolt of fire (15)]
 12329 | D:11     | Killed a deep elf pyromancer
 12339 | D:11     | HP: 20/92 [wraith (8)]
 12344 | D:11     | Reached skill level 4 in Slings
 12348 | D:11     | Noticed a deep elf zephyrmancer
 12374 | D:11     | HP: 12/92 [acid dragon/splash of acid (28)]
 12698 | D:11     | You pick up a book of Chaos and begin reading...
 12698 | D:11     | You add the spells Conjure Ball Lightning, Disjunction and
                  | Discord to your library.
 12770 | D:11     | Found Goivaric's Book Shop.
 12804 | D:11     | Noticed a deep elf pyromancer
 12829 | D:11     | Killed a deep elf pyromancer
 13082 | D:11     | Reached skill level 14 in Unarmed Combat
 13093 | D:11     | Noticed a deep elf zephyrmancer
 13115 | D:11     | Reached skill level 5 in Slings
 13139 | D:11     | Killed a deep elf zephyrmancer
 13204 | D:11     | Found a staircase to the Orcish Mines.
 13221 | D:11     | Noticed a deep elf pyromancer
 13225 | D:11     | Killed a deep elf pyromancer
 13239 | D:11     | Killed a deep elf pyromancer
 13240 | D:11     | Reached XP level 12. HP: 100/100 MP: 17/17
 13334 | D:11     | You pick up a book of the Wilderness and begin reading...
 13334 | D:11     | You add the spells Summon Forest, Summon Mana Viper and
                  | Summon Cactus Giant to your library.
 13745 | D:11     | Found a runed translucent gate.
 13745 | D:11     | Found a runed translucent gate.
 13745 | D:11     | Found a runed translucent gate.
 13746 | D:11     | Noticed jlumianski's ghost (journeyman DsFi)
 13746 | D:11     | Noticed dracfodder's ghost (journeyman GrEE)
 14028 | Orc:1    | Entered Level 1 of the Orcish Mines
 14142 | Orc:1    | Noticed Jorgrun
 14151 | Orc:1    | Killed from afar by Jorgrun

Vanquished Creatures
  A two-headed ogre (D:11)
  5 deep elf pyromancers (D:11)
  3 deep elf zephyrmancers (D:11)
  Maurice (D:9)
  A komodo dragon (D:11)
  A troll (D:11)
  Grinder (D:5)
  3 wraiths
  4 shadows (D:11)
  3 wyverns
  7 yaks (D:10)
  5 steam dragons
  13 vampire mosquitoes
  2 two-headed ogre zombies (D:11)
  An acid dragon (D:11)
  A sky beast (D:7)
  3 water moccasins
  5 orc warriors
  2 ice beasts
  A black bear (D:8)
  3 ogres
  4 centaurs
  5 phantoms
  Blork the orc (D:5)
  2 kobold brigands (D:9)
  A bullfrog (D:7)
  2 gnoll sergeants
  3 necrophages
  2 scorpions (D:6)
  3 wights (D:7)
  10 killer bees
  3 howler monkeys
  3 hounds
  2 jellies
  6 orc priests
  2 gnoll shamans
  5 iguanas
  Ijyb (D:3)
  7 orc wizards
  6 ogre zombies (D:11)
  17 gnolls
  3 adders
  A shadow imp (D:5)
  An ufetubus (D:4)
  2 worms
  A dart slug (D:1)
  34 orcs
  4 bat zombies (D:8)
  8 endoplasms
  3 giant cockroaches
  9 goblins
  8 hobgoblins
  4 jackals (D:1)
  12 kobolds
  6 quokkas
  9 ball pythons
  8 bats
  A goblin skeleton (D:11)
  2 goblin zombies (D:11)
  2 hobgoblin skeletons (D:11)
  5 hobgoblin zombies (D:11)
  5 orc skeletons (D:11)
  10 orc zombies (D:11)
  7 rats
  2 rat zombies (D:8)
298 creatures vanquished.

Table legend:
 A = Non-vault XP
 B = Vault XP
 C = Vault XP percentage of total XP
 D = Non-vault monster count
 E = Vault monster count
 F = Vault count percentage of total count
                 A         B        C        D         E       F
            +---------+---------+-------+---------+---------+-------
      Total |   14107 |    6657 |  32.1 |     238 |      60 |  20.1
            +---------+---------+-------+---------+---------+-------
        D:1 |      58 |       7 |  10.8 |      33 |       4 |  10.8
        D:2 |      16 |       0 |   0.0 |       8 |       0 |   0.0
        D:3 |      45 |      36 |  44.4 |      21 |       1 |   4.5
        D:4 |     341 |       2 |   0.6 |      24 |       2 |   7.7
        D:5 |    1101 |     362 |  24.7 |      18 |       2 |  10.0
        D:6 |    1069 |       0 |   0.0 |      20 |       0 |   0.0
        D:7 |    1422 |       0 |   0.0 |      20 |       0 |   0.0
        D:8 |     933 |      10 |   1.1 |      11 |       6 |  35.3
        D:9 |    2087 |     278 |  11.8 |      35 |       1 |   2.8
       D:10 |    3142 |       0 |   0.0 |      17 |       0 |   0.0
       D:11 |    3595 |    5962 |  62.4 |      26 |      44 |  62.9
      Orc:1 |     298 |       0 |   0.0 |       5 |       0 |   0.0
            +---------+---------+-------+---------+---------+-------

Illustrated notes

Table legend:
 A = Kills in this place as a percentage of kills in entire the game.
 B = Kills by you in this place as a percentage of kills by you in the entire game.
 C = Kills by friends in this place as a percentage of kills by friends in the entire game.
 D = Other kills in this place as a percentage of other kills in the entire game.
 E = Experience gained in this place as a percentage of experience gained in the entire game.
 F = Experience gained in this place divided by the number of levels of this place that you have seen.
                   A       B       C       D       E      F
               +-------+-------+-------+-------+-------+----------------------
         Total | 100.0 | 100.0 |   N/A |   N/A | 100.0 | 1597.2
       Dungeon |  98.3 |  98.3 |   N/A |   N/A |  98.6 | 1860.5
  Orcish Mines |   1.7 |   1.7 |   N/A |   N/A |   1.4 | 298.0
               +-------+-------+-------+-------+-------+----------------------

Table legend: (Time is in decaauts)
 A = Elapsed time spent in this place.
 B = Non-inter-level travel time spent in this place.
 C = Inter-level travel time spent in this place.
 D = Time resting spent in this place.
 E = Time spent auto-exploring this place.
 F = Levels seen in this place.
 G = Mean time per level.
                   A        B        C        D        E       F      G
               +--------+--------+--------+--------+--------+-----+--------+
         Total |  16741 |  16271 |    470 |   2555 |  10889 |  13 | 1287.8 |
       Dungeon |  16440 |  15986 |    454 |   2555 |  10698 |  11 | 1494.5 |
        Temple |    146 |    131 |     15 |      0 |     83 |   1 |  146.0 |
  Orcish Mines |    154 |    154 |      0 |      0 |    108 |   1 |  154.0 |
               +--------+--------+--------+--------+--------+-----+--------+

Top non-repeatable levels by time:
    D:11: 2412 daAuts
     D:9: 2067 daAuts
     D:8: 1899 daAuts
     D:2: 1442 daAuts
    D:10: 1427 daAuts
     D:5: 1417 daAuts
     D:3: 1273 daAuts
     D:4: 1180 daAuts
     D:1: 1132 daAuts
     D:6: 1101 daAuts
     D:7: 1084 daAuts
   Orc:1: 154 daAuts
  Temple: 146 daAuts
